Map: 16-Bit LE

Players

Sanity

  • Race: Terran Terran
  • League: Diamond
  • Spawn Location: 7:00

BobbyAwesome - Winner!

  • Race: Protoss Protoss
  • League: Diamond
  • Spawn Location: 1:00

VOD

Have the link to the VOD?

Description

Time

  • Played on: May 18, 2018, 3:47 a.m.
  • Length: 7:50
Show
View Real Time Build Order
Export as new Build Order

Sanity Terran 

Build Orders: Reaper Expand 

Get SALT Encoding   

  12  0:00  SCV  
  13  0:13  SCV  
  14  0:19  Supply Depot  
  14  0:25  SCV  
  15  0:40  SCV  
  15  0:42  Barracks  
  16  0:47  Refinery  
  16  0:52  SCV  
  17  1:04  SCV  
  18  1:16  SCV  
  19  1:29  Orbital Command  
  19  1:30  Reaper  
  20  1:48  Command Center  
  20  1:57  SCV  
  21  2:03  Barracks, Barracks Reactor  
  21  2:11  SCV  
  22  2:18  Refinery, Supply Depot  
  22  2:27  SCV  
  23  2:32  Bunker  
  23  2:39  SCV  
  23  2:41  Marine x2  
  25  2:51  Marine  
  25  2:54  Bunker  
  25  2:59  Marine  
  25  3:00  SCV  
  26  3:11  Marine  
  26  3:12  SCV, Marine  
  29  3:18  Marine  
  30  3:25  Factory  
  30  3:29  Marine  
  31  3:43  Supply Depot  
  31  3:49  Barracks Tech Lab  
  31  3:52  Command Center  
  31  4:04  Marine x2, SCV  
  31  4:06  Supply Depot  
  34  4:11  Starport  
  34  4:14  Factory Reactor  
  34  4:16  Marine  
  34  4:19  Stimpack  
  34  4:23  SCV  
  35  4:27  Marine  
  35  4:29  Marine  
  37  4:37  Marauder  
  39  4:39  SCV  
  40  4:46  Marine x2  
  40  4:51  SCV  
  43  4:58  Medivac x2  
  47  5:04  Marauder  
  49  5:09  Orbital Command  
  49  5:13  Marine  
  50  5:17  SCV  
  51  5:27  Factory Tech Lab  
  51  5:36  Marine x2  
  51  5:37  SCV x2, Marauder  
  57  5:46  Siege Tank  
  60  5:52  SCV  
  60  5:53  Engineering Bay x2  
  61  5:59  Supply Depot  
  61  6:04  Marine  
  62  6:20  Marine, SCV, Medivac x2  
  62  6:21  Marauder  
  70  6:29  Missile Turret  
  60  6:45  Missile Turret  
  60  6:53  Marine x2  
Show
View Real Time Build Order
Export as new Build Order

BobbyAwesome Protoss - Winner!

Build Orders:  

Get SALT Encoding   

  12  0:01  Probe  
  13  0:14  Pylon  
  13  0:20  Assimilator  
  13  0:32  Gateway  
  13  0:33  Probe  
  13  0:41  Probe  
  15  0:51  Probe  
  16  1:03  Probe  
  17  1:09  Gateway  
  17  1:15  Probe  
  18  1:19  Cybernetics Core  
  18  1:26  Zealot  
  20  1:37  Pylon  
  20  1:41  Probe  
  21  1:48  Stalker  
  21  1:51  Stalker  
  21  1:53  Probe  
  22  1:58  Warp Gate  
  26  2:09  Assimilator  
  26  2:16  Probe  
  26  2:17  Zealot  
  29  2:23  Zealot  
  31  2:41  Twilight Council  
  31  3:00  Pylon  
  30  3:15  Probe  
  30  3:18  Zealot, Gateway  
  33  3:20  Charge  
  33  3:30  Gateway  
  33  3:35  Stalker  
  35  4:18  Pylon  
  35  4:26  Dark Shrine  
  35  4:29  Zealot x2  
  39  4:37  Robotics Facility  
  39  4:39  Zealot  
  39  4:41  Sentry  
  43  5:20  Warp Prism  
  43  5:22  Zealot x2  
  47  5:28  Pylon  
  47  5:40  Pylon  
  47  5:52  Dark Templar x3  
  47  5:54  Zealot  
  55  6:45  Dark Templar  
  55  6:46  Dark Templar  
  58  6:58  Pylon  
Tags
 
Add a new tag
Caveats
  • Supply blocks, unpowered buildings, or Contaminate may cause inaccurate times.
  • Supply counts are checked every 10 seconds.